 Dungeon Crawl Stone Soup version 0.31-a0-986-g5e6e4ef867 (webtiles) character file.

Game seed: 18201953553954802005

87 KarmaKiller the Trooper (level 4, -3/29 HPs)
             Began as a Gargoyle Berserker on Nov 6, 2023.
             Was a Believer of Trog.
             Slain by an orc priest
             ... wielding a +1 heavy flail
              (7 damage)
             ... on level 3 of the Dungeon.
             The game lasted 00:05:58 (2181 turns).

KarmaKiller the Trooper (Gargoyle Berserker)        Turns: 2181, Time: 00:06:00

Health: -3/29      AC: 16    Str: 22    XL:     4   Next: 51%
Magic:  4/4        EV:  6    Int:  8    God:    Trog [**....]
Gold:   95         SH:  0    Dex:  9    Spells: 3/3 levels left

rFire   + . .        a - +0 mace
rCold   + . .        (no shield)
rNeg    + . .        g - +0 plate armour
rPois   ∞            p - +2 hat
rElec   +            b - scarf {rC+ rF+}
rCorr   .            (no gloves)
SInv    .            (no boots)
Will    .....        (no amulet) Stlth
                     (no ring)
HPRegen 0.24/turn    (no ring)
MPRegen 0.09/turn

%: no passive effects
@: on berserk cooldown, slowed, very slow
A: sickness immunity, AC +3, negative energy resistance 1, electricity
resistance, torment resistance 1, petrification resistance
a: Renounce Religion, Berserk, Trog's Hand


You were on level 3 of the Dungeon.
You worshipped Trog.
Trog was pleased with you.
You visited 1 branch of the dungeon, and saw 3 of its levels.

You collected 95 gold pieces.

Inventory:

Hand Weapons
 a - a +0 mace (weapon)
Armour
 b - a scarf of resistance (worn)
 g - a +0 plate armour (worn)
 j - a +0 helmet
 p - a +2 hat (worn)
Talismans
 h - a dragon-blood talisman
Scrolls
 c - a scroll of amnesia
 k - 2 scrolls of teleportation {unknown}
Potions
 d - a potion of attraction {unknown}
 e - a potion of resistance
 f - a potion of haste {unknown}
 i - 2 potions of heal wounds {unknown}
 l - a potion of curing {unknown}
 m - a potion of cancellation {unknown}
 n - a potion of brilliance {unknown}
 o - a potion of ambrosia {unknown}


   Skills:
 + Level 4.1 Fighting
 + Level 4.0 Maces & Flails
 + Level 2.8 Armour
 + Level 1.9 Dodging


You had 3 spell levels left.
You didn't know any spells.
Your spell library was empty.

Dungeon Overview and Level Annotations

Branches:
Dungeon (3/15)

Altars:
Wu Jian


Innate Abilities, Weirdness & Mutations

You are immune to sickness and miasma.
Your stone body is resilient. (AC +3)
You are immune to poison.
You resist negative energy. (rN+)
You are resistant to electric shocks. (rElec)
You are resistant to unholy torment.
You are immune to petrification.


Message History

You hit the orc.
The orc is almost dead.
The orc hits you but does no damage.
You closely miss the orc.
The orc is almost dead.
The orc hits you but does no damage. The orc completely misses you.
The orc barely misses you.
You bludgeon the orc!!
You kill the orc!
Trog accepts your kill. The orc hits you but does no damage.
An orc priest comes into view. It is wielding a +1 heavy flail.
You barely miss the orc. The orc hits you but does no damage.
The orc barely misses you. The orc hits you but does no damage.
You thump the orc!
You kill the orc!
Trog accepts your kill. The orc hits you but does no damage. x2
Items here: )) ††.
You thump the orc!
You kill the orc!
Trog accepts your kill. The orc hits you but does no damage.
You are no longer berserk.
You are exhausted.
You feel yourself slow down. The orc attacks as it pursues you!
The orc closely misses you.
The orc priest hits you with a +1 heavy flail.
Things that are here:
a +0 club; a +0 leather armour; an orc corpse You closely miss the orc priest.
The orc closely misses you.
The orc priest hits you with a +1 heavy flail.
The orc hits you but does no damage.
You closely miss the orc priest. The orc barely misses you.
The orc priest calls down the wrath of Beogh upon you.
Beogh smites you!
* * * LOW HITPOINT WARNING * * *
The orc hits you but does no damage.
The orc priest hits you with a +1 heavy flail!
You die...

.## ... #.#
#.......# ...
#<......# #.#
#.......# #.#
#.......####.####
#.......##.?o...#
#.......##.#@##.#
#.......##.#o##
####.#..........#
.....###.##.#..# #
###..###.##>.....#
#........####..###
....##.########..#
####
.#####.........>.#
###...
#................##
########....§


You could see an orc priest and an orc.

Vanquished Creatures
  4 adders
  A worm (D:2)
  4 orcs (D:3)
  5 bats
  4 endoplasms
  A giant cockroach (D:3)
  8 goblins
  3 hobgoblins
  3 frilled lizards
  5 kobolds
  8 rats
46 creatures vanquished.

Notes
Turn   | Place    | Note
-------+----------+-------------------------------------------
     0 | D:1      | KarmaKiller the Gargoyle Berserker began the quest for the
                  | Orb.
     0 | D:1      | Reached XP level 1. HP: 14/14 MP: 1/1
   435 | D:1      | Reached XP level 2. HP: 19/19 MP: 2/2
   890 | D:1      | Found a faded altar of an unknown god.
  1078 | D:2      | Reached XP level 3. HP: 9/24 MP: 3/3
  1615 | D:2      | Reached XP level 4. HP: 29/29 MP: 4/4
  1624 | D:2      | Reached ** piety under Trog
  2016 | D:3      | Found an ornate altar of the Wu Jian Council.
  2181 | D:3      | Slain by an orc priest

Illustrated notes

Levels and vault maps discovered:
D:1:      elethiomel_arrival_diamonds, layout_loops_corners,
          shapermc_ecumenical_altar_hornbeckon
D:2:      layout_loops_cross
D:3:      layout_loops_cross, nicolae_wu_jian_wuxing_cycle, minivault_26

Skill      XL: |  1  2  3  4 |
---------------+-------------+-----
Fighting       | 4 |  4.1
Maces & Flails | 4 |  4.0
Armour         | |  2.8
Dodging        | |  1.9

Action                     |  1- 3 |  4- 6 || total
---------------------------+-------+-------++-------
  Melee: Mace              |    98 |    36 ||   134
         Punch             |     3 |     1 ||     4
 Invoke: Berserk           |     4 |     1 ||     5
    Use: Scroll            |     2 |       ||     2
 Armour: Animal skin       |    18 |       ||    18
         Plate armour      |    82 |    43 ||   125
  Dodge: Dodged            |    35 |    15 ||    50

Table legend: (Time is in decaauts)
 A = Elapsed time spent in this place.
 B = Non-inter-level travel time spent in this place.
 C = Inter-level travel time spent in this place.
 D = Time resting spent in this place.
 E = Time spent auto-exploring this place.
 F = Levels seen in this place.
 G = Mean time per level.
                   A        B        C        D        E       F      G
               +--------+--------+--------+--------+--------+-----+--------+
         Total |   2246 |   2246 |      0 |    149 |   1392 |   3 |  748.7 |
       Dungeon |   2246 |   2246 |      0 |    149 |   1392 |   3 |  748.7 |
               +--------+--------+--------+--------+--------+-----+--------+

Top non-repeatable levels by time:
     D:1: 1075 daAuts
     D:2: 829 daAuts
     D:3: 340 daAuts
